 Dungeon Crawl Stone Soup version 0.28.0 (webtiles) character file.

Game seed: 14560367187539854020

101 HallandMoats the Ruffian (level 4, -2/40 HPs)
             Began as a Ghoul Monk on Feb 12, 2022.
             Was an Initiate of Ru.
             Slain by a hobgoblin (10 damage)
             ... on level 2 of the Dungeon.
             The game lasted 00:02:13 (1274 turns).

HallandMoats the Ruffian (Ghoul Monk)               Turns: 1274, Time: 00:02:13

Health: -2/40      AC:  3    Str: 16    XL:     4   Next: 75%
Magic:  4/4        EV: 12    Int:  5    God:    Ru [......]
Gold:   0          SH:  0    Dex: 11    Spells: 3/3 levels left

rFire   . . .      SeeInvis .     - Unarmed
rCold   + . .      Faith    .   (no shield)
rNeg    + + +      Spirit   .   a - +0 robe
rPois   ∞          Reflect  .   g - +0 helmet
rElec   .          Harm     .   (no cloak)
rCorr   .          Rampage  .   (no gloves)
Will    .....                   (no boots)
Stlth   ++........              (no amulet)
HPRegen 0.00/turn               (no ring)
MPRegen 0.09/turn               (no ring)

@: inhibited regen
A: claws 1, cold resistance 1, negative energy resistance 3, inhibited
regeneration, torment resistance 2
a: Renounce Religion, Sacrifice Skill, Sacrifice Essence, Sacrifice Nimbleness,
Reject Sacrifices


You were on level 2 of the Dungeon.
You worshipped Ru.
Ru was noncommittal.
You visited 1 branch of the dungeon, and saw 2 of its levels.

Inventory:

Armour
 a - a +0 robe (worn)
 g - a +0 helmet (worn)
Scrolls
 b - a scroll of summoning {unknown}
 c - a scroll of enchant weapon {unknown}
 e - a scroll of fog {unknown}
 f - 2 scrolls of blinking {unknown}
 h - a scroll of teleportation {unknown}
 i - a scroll of torment {unknown}
Potions
 d - a potion of curing {unknown}


   Skills:
 * Level 4.2 Fighting
 + Level 1.0 Armour
 + Level 3.0 Dodging
 - Level 2.1 Stealth
 * Level 4.2 Unarmed Combat
 + Level 1.5 Invocations


You had 3 spell levels left.
You didn't know any spells.
Your spell library contained the following spells:

 Spells                   Type           Power      Damage    Failure   Level
 Frozen Ramparts          Ice            0%         1d2       85%         3
 Summon Ice Beast         Ice/Summ       0%         N/A       99%         4
 Ice Form                 Ice/Tmut       Unusable   N/A       N/A         4

Dungeon Overview and Level Annotations

Branches:
Dungeon (2/15)

Altars:
Ru


Innate Abilities, Weirdness & Mutations

You thrive by killing the living.
You are immune to poison.
You have sharp fingernails.
Your flesh is cold resistant. (rC+)
You are immune to negative energy. (rN+++)
You do not regenerate when monsters are visible.
You are immune to unholy pain and torment.


Message History

You have reached level 4!
Magic restored.
A hobgoblin comes into view. It is wielding a +0 long sword.
A hobgoblin is nearby!
A hobgoblin is nearby!
A hobgoblin is nearby!
A hobgoblin is nearby!
Found a ring mail.
Found 4 gold pieces.
The hobgoblin shouts!
The hobgoblin drinks a potion.
The hobgoblin flickers and vanishes!
Deactivating autopickup; reactivate with Ctrl-A.
No target in view!
No target in view!
No target in view!
No target in view!
No target in view!
No target in view!
No target in view!
No target in view!
No target in view!
No target in view!
No target in view!
No target in view!
No target in view!
No target in view!
No target in view!
No target in view!
No target in view!
No target in view!
No target in view!
No target in view!
No target in view!
No target in view!
Something hits you.
You closely miss something. Something hits you.
You scratch something but do no damage. Something hits you!
* * * LOW HITPOINT WARNING * * *
You barely miss something. Something hits you!
You die...

#.# #.# .#...
######.#####.####.#...
.........#..........#
....................#
.........#..........#
....................#
.......†............#
...)............@...#
<........#.......{..#
..†..#####..........#
.......# #......[..$#
.#...........#..#####
##.#########.#.## ##.#
#.... #.# ##..## ..#


There were no monsters in sight!

Vanquished Creatures
  A scorpion (D:2)
  A ball python (D:1)
  4 endoplasms
  7 goblins
  3 hobgoblins (D:1)
  3 jackals (D:2)
  4 kobolds
  A quokka (D:1)
  6 bats
  2 frilled lizards (D:1)
  4 rats
36 creatures vanquished.

Notes
Turn   | Place    | Note
-------+----------+-------------------------------------------
     0 | D:1      | HallandMoats the Ghoul Monk began the quest for the Orb.
     0 | D:1      | Reached XP level 1. HP: 19/19 MP: 0/0
    69 | D:1      | Found a faded altar of an unknown god.
   154 | D:1      | Prayed at the altar of an unknown god.
   154 | D:1      | Became a worshipper of Ru the Awakened
   323 | D:1      | Reached XP level 2. HP: 26/26 MP: 1/1
  1040 | D:2      | Reached XP level 3. HP: 33/33 MP: 2/2
  1044 | D:2      | Reached skill level 1 in Invocations
  1164 | D:2      | Noticed a scorpion
  1183 | D:2      | Killed a scorpion
  1184 | D:2      | Reached skill level 1 in Armour
  1184 | D:2      | Reached XP level 4. HP: 16/40 MP: 2/4
  1274 | D:2      | Slain by a hobgoblin

Illustrated notes

Levels and vault maps discovered:
D:1:      dpeg_arrival_tiny_a, layout_basic, shapermc_ecumenical_altar_venn
D:2:      cheibrodos_old_hovel, layout_rooms

Skill      XL: |  1  2  3 |
---------------+----------+-----
Invocations    | 1 |  1.5
Fighting       | 4 |  4.2
Armour         | 1 |  1.0
Dodging        | 3 |  3.0
Unarmed Combat | 4 |  4.2
Stealth        | |  2.1

Action                   |  1- 3 |  4- 6 || total
-------------------------+-------+-------++-------
Melee: Unarmed           |    80 |     3 ||    83
       Punch             |     1 |       ||     1
 Stab: Sleeping          |     5 |       ||     5
Armor: Robe              |    13 |       ||    13
Dodge: Dodged            |    44 |       ||    44
